 Dungeon Crawl Stone Soup version 0.28.0-53-g5a82cb258f (webtiles) character file.

Game seed: 12982768087254649467

164 Ashen the Ogre Mage (level 5, -1/50 HPs)
             Began as an Ogre Hedge Wizard on June 17, 2022.
             Shot with an arrow by a centaur (7 damage)
             ... on level 5 of the Dungeon.
             The game lasted 00:05:55 (3209 turns).

Ashen the Ogre Mage (Ogre Hedge Wizard)             Turns: 3209, Time: 00:05:55

Health: -1/50      AC:  4    Str: 14    XL:     5   Next: 45%
Magic:  1/11       EV: 10    Int: 17    God:
Gold:   53         SH:  0    Dex: 14    Spells: 4/12 levels left

rFire   . . .      SeeInvis .   l - +3 mace "Golola Dolin" {venom, Will+}
rCold   . . .      Faith    .   (no shield)
rNeg    . . .      Spirit   .   b - +0 robe
rPois   .          Reflect  .   c - +0 hat
rElec   .          Harm     .   m - +0 cloak
rCorr   .          Rampage  .   (gloves unavailable)
Will    +....                   (boots unavailable)
Stlth   ++........              (no amulet)
HPRegen 0.16/turn               j - +6 ring of dexterity
MPRegen 0.12/turn               (no ring)

@: no status effects
A: large, unfitting armour, tough skin 1
a: no special abilities


You were on level 5 of the Dungeon.
You visited 1 branch of the dungeon, and saw 4 of its levels.

You collected 53 gold pieces.

Inventory:

Hand Weapons
 g - a +0 whip
 l - the +3 mace "Golola Dolin" (weapon) {venom, Will+}
   (You found it on level 4 of the Dungeon)

   It poisons the flesh of those it strikes.
   Will:      It increases your willpower.
Missiles
 p - a throwing net
Armour
 b - a +0 robe (worn)
 c - a +0 hat (worn)
 m - a +0 cloak (worn)
 r - a scarf of resistance
Jewellery
 j - a +6 ring of dexterity (left hand)
 q - a +4 ring of slaying
Wands
 k - a wand of polymorph (8)
Scrolls
 a - a scroll of amnesia {unknown}
 d - a scroll of teleportation {unknown}
 e - 2 scrolls of identify {unknown}
 f - a scroll of blinking
 i - a scroll of fog {unknown}
Potions
 h - 2 potions of lignification {unknown}
 n - a potion of brilliance {unknown}
 o - 2 potions of attraction {unknown}


   Skills:
 + Level 2.3 Fighting
 + Level 2.4 Dodging
 + Level 2.0 Stealth
 + Level 4.2 Spellcasting
 + Level 1.8 Conjurations
 + Level 1.7 Summonings
 + Level 1.6 Translocations
 + Level 0.1 Air Magic
 + Level 0.1 Poison Magic


You had 4 spell levels left.
You knew the following spells:

 Your Spells              Type           Power      Damage    Failure   Level
a - Magic Dart            Conj           36%        1d4       7%          1
b - Blink                 Tloc           18%        N/A       12%         2
c - Call Imp              Summ           9%         N/A       12%         2
d - Mephitic Cloud        Conj/Pois/Air  6%         N/A       34%         3

Your spell library contained the following spells:

 Spells                   Type           Power      Damage    Failure   Level
 Pain                     Necr           12%        1d4       16%         1
 Slow                     Hex            12%        N/A       16%         1
 Conjure Flame            Conj/Fire      6%         6-21      32%         3
 Agony                    Necr           3%         N/A       99%         5
 Excruciating Wounds      Necr           1%         N/A       99%         5


Dungeon Overview and Level Annotations

Branches:
Dungeon (5/15)
 Temple: D:4-7

Altars:
Gozag


Innate Abilities, Weirdness & Mutations

You are too large for most types of armour.
You have tough skin. (AC +1)


Message History

The wyvern zombie bites you!
Your white imp gestures at the wyvern zombie.
The puff of frost hits the wyvern zombie.
The wyvern zombie completely resists.
Casting: Magic Dart (safe; 7% risk of failure)
Confirm with . or Enter, or press ? or * to list all spells.
Aiming: Magic Dart (safe; 7% risk of failure)
Press: ? - help, Shift-Dir - straight line, f/p - wyvern zombie
Aim: a wyvern zombie (heavily damaged, ally target, 100% to hit)
You miscast Magic Dart.
You are very lightly contaminated with residual magic.
Nothing appears to happen.
Casting: Magic Dart (safe; 7% risk of failure)
Confirm with . or Enter, or press ? or * to list all spells.
Aiming: Magic Dart (safe; 7% risk of failure)
Press: ? - help, Shift-Dir - straight line, f/p - wyvern zombie
Aim: a wyvern zombie (heavily damaged, ally target, 100% to hit)
The magic dart hits the wyvern zombie but does no damage.
The wyvern zombie is heavily damaged.
An ogre comes into view. It is wielding a +0 giant club.
The wyvern zombie bites you.
* * * LOW HITPOINT WARNING * * *
Casting: Magic Dart (safe; 7% risk of failure)
Confirm with . or Enter, or press ? or * to list all spells.
You blink.
Found a club and a robe.
The ogre shouts!
The ogre misses you.
Casting: Blink (safe; 12% risk of failure)
Confirm with . or Enter, or press ? or * to list all spells.
You don't have enough magic to cast this spell.
Found 14 gold pieces and a scroll labelled ILUFAE GIVERA.
A centaur comes into view.
Your magical contamination has completely faded away.
You feel stable enough to blink again.
The centaur shouts!
The centaur wields a +0 shortbow.
The centaur shoots an arrow.
The arrow hits you!
* * * LOW HITPOINT WARNING * * *
The centaur shoots an arrow.
The arrow hits you!
You die...

.......... .... .
......#..###.### .
........#....[#.#
#.....#.....#.#
#.Z....)....#
#####...#Z....#.
#..5....#$O..?#
#.###.#####.###
#.#..⌠..#.@#..# .##
#.#.....#.....# ..##
#..⌠.⌠.⌠.#.#.#c.88
...#
#.#.....#.....#..8
...####.#..⌠..
..#..#....
.....#..###.#####.###
#.# ....##......5.# .
.. .......##.....# .
..................


You could see a centaur.

Vanquished Creatures
  2 hounds
  Crazy Yiuf (D:4)
  A hound skeleton (D:4)
  A gnoll (D:4)
  An adder (D:5)
  An adder skeleton (D:4)
  A dart slug (D:1)
  An orc (D:4)
  2 bats (D:1)
  6 endoplasms
  3 giant cockroaches
  5 goblins (D:1)
  3 hobgoblins
  2 jackals (D:1)
  2 quokkas
  3 ball pythons (D:1)
  2 frilled lizards (D:1)
  3 kobolds (D:1)
  A rat (D:1)
41 creatures vanquished.

Notes
Turn   | Place    | Note
-------+----------+-------------------------------------------
     0 | D:1      | Ashen the Ogre Hedge Wizard began the quest for the Orb.
     0 | D:1      | Reached XP level 1. HP: 16/16 MP: 5/5
    73 | D:1      | Reached skill level 1 in Summonings
    85 | D:1      | Reached skill level 1 in Conjurations
    85 | D:1      | Reached skill level 1 in Translocations
   158 | D:1      | Reached XP level 2. HP: 26/26 MP: 0/6
   411 | D:1      | Found a faded altar of an unknown god.
   479 | D:1      | Reached skill level 1 in Fighting
   831 | D:1      | Reached XP level 3. HP: 33/33 MP: 4/8
  1725 | D:2      | You fall into a shaft and drop 2 floors!
  1909 | D:4      | Identified the +3 mace "Golola Dolin" {venom, Will+}
  1970 | D:4      | Found Oduvoden's Self-Improvement Boutique.
  2048 | D:4      | Learned a level 2 spell: Blink
  2051 | D:4      | Learned a level 2 spell: Call Imp
  2055 | D:4      | Learned a level 3 spell: Mephitic Cloud
  2086 | D:4      | Found a runed translucent door.
  2087 | D:4      | Noticed Crazy Yiuf
  2100 | D:4      | Killed Crazy Yiuf
  2101 | D:4      | Reached skill level 4 in Spellcasting
  2101 | D:4      | Reached XP level 4. HP: 32/42 MP: 5/10
  2567 | D:4      | Found an opulent altar of Gozag.
  2712 | D:5      | Entered Level 5 of the Dungeon
  2712 | D:5      | Noticed a gnoll sergeant
  2725 | D:4      | Reached XP level 5. HP: 29/49 MP: 6/11
  3202 | D:5      | Noticed an ogre
  3206 | D:5      | Noticed a centaur
  3209 | D:5      | Shot with an arrow by a centaur

Illustrated notes

Levels and vault maps discovered:
D:1:      dpeg_arrival_pits, layout_basic, nicolae_ecumenical_snake_handling
D:2:      layout_rooms
D:4:      layout_gridville, mainiacjoe_overflow_surrounded_room,
          chequers_serial_rivers_room_b, nicolae_shop_self_help,
          uniq_crazy_yiuf_cottage
D:5:      wad_pebble_path, layout_layer_cave, serial_shops, shop_statue,
          minmay_chambers_of_fives, uniq_grinder

Skill      XL: |  1  2  3  4 |
---------------+-------------+-----
Summonings     | 1 |  1.7
Conjurations   | 1 |  1.8
Translocations | 1 |  1.6
Fighting       | 1 2 |  2.3
Dodging        | 2 |  2.4
Spellcasting   | 4 |  4.2
Stealth        | 2 |  2.0
Air Magic      | |  0.1
Poison Magic   | |  0.1

Action                   |  1- 3 |  4- 6 || total
-------------------------+-------+-------++-------
Melee: Dagger            |    28 |       ||    28
       Whip              |    20 |       ||    20
       Mace              |     8 |    25 ||    33
 Cast: Magic Dart        |    74 |    17 ||    91
       Blink             |     1 |     2 ||     3
       Call Imp          |     1 |     2 ||     3
       Mephitic Cloud    |       |     1 ||     1
  Use: Scroll            |     1 |       ||     1
 Stab: Sleeping          |     2 |       ||     2
       Distracted        |     1 |       ||     1
Armor: Robe              |    28 |    11 ||    39
Dodge: Dodged            |    32 |    27 ||    59
